 Dungeon Crawl Stone Soup version 0.19.4 (webtiles) character file.

241 bosm the Bolt Thrower (level 6, 0/40 HPs)
             Began as a Kobold Hunter on Feb 5, 2017.
             Slain by a worker ant (5 damage)
             ... on level 4 of the Dungeon.
             The game lasted 00:06:12 (2790 turns).

bosm the Bolt Thrower (Kobold Hunter)               Turns: 2790, Time: 00:06:13

Health: 0/40       AC:  6    Str: 12    XL:     6   Next: 30%
Magic:  6/6        EV: 14    Int: 12    God:
Gold:   162        SH:  0    Dex: 17    Spells: 0 memorised, 5 levels left

rFire  . . .     SeeInvis .     a - +1 hand crossbow
rCold  + . .     Gourm    .     r - +0 ring mail
rNeg   . . .     Faith    .     (shield restricted)
rPois  .         Spirit   .     (no helmet)
rElec  .         Reflect  .     q - +0 cloak (curse)
rCorr  .         Harm     .     (no gloves)
MR     +....     Rnd*Rage +     (no boots)
Stlth  ++........               (no amulet)
                                i - ring of protection from cold
                                h - ring of protection from magic

@: lethally poisoned (0 -> -11), exhausted
A: berserk 1, carnivore 3, robust 1, strong 1
a: no special abilities


You were on level 4 of the Dungeon.
You were completely stuffed.

You visited 1 branch of the dungeon, and saw 4 of its levels.

You collected 162 gold pieces.

Inventory:

Hand Weapons
 a - a +1 hand crossbow (weapon)
 w - a +0 short sword
Missiles
 d - 7 bolts (quivered)
 o - a throwing net
Armour
 p - a +0 buckler
 q - a cursed +0 cloak (worn)
 r - a +0 ring mail (worn)
Jewellery
 h - a ring of protection from magic (left hand)
 i - a ring of protection from cold (right hand)
Scrolls
 b - 4 scrolls of immolation {unknown}
 c - a scroll of random uselessness {unknown}
 e - 5 scrolls of remove curse
 k - a scroll of teleportation {unknown}
 m - 3 scrolls of identify
 n - a scroll of fog {unknown}
Potions
 j - a potion of berserk rage {unknown}
 l - a potion of mutation
 u - a potion of resistance {unknown}
Comestibles
 f - 3 meat rations
 g - a slice of pizza
 t - a chunk of flesh


   Skills:
 + Level 3.1 Fighting
 * Level 3.2 Short Blades
 + Level 5.8 Crossbows
 + Level 3.4 Dodging
 * Level 4.8 Stealth


You had 5 spell levels left.
You didn't know any spells.

Dungeon Overview and Level Annotations

Branches:
Dungeon (4/15)
 Temple: D:4-7

Altars:
Cheibriados
Fedhas
Gozag
Sif Muna


Innate Abilities, Weirdness & Mutations

You are small and have problems with some larger weapons.
You are carnivorous and can eat meat at any time.
You tend to lose your temper in combat.
You are robust. (+10% HP)
Your muscles are strong. (Str +2)


Message History

* * * LOW HITPOINT WARNING * * *
You feel very sick. The worker ant completely misses you.
The worker ant bites you.
* * * LOW HITPOINT WARNING * * *
Firing (i - inventory. (,) - cycle):
d - 9 bolts (quivered)
Press: ? - help, Shift-Dir - straight line, f/p - worker ant
Aim: a worker ant (severely wounded)
You shoot a bolt. The bolt closely misses the worker ant.
* * * LOW HITPOINT WARNING * * *
You feel sick. The worker ant barely misses you.
The worker ant bites you but does no damage.
Firing (i - inventory. (,) - cycle):
d - 8 bolts (quivered)
Press: ? - help, Shift-Dir - straight line, f/p - worker ant
Aim: a worker ant (severely wounded)
You shoot a bolt. The bolt hits the worker ant.
The worker ant is almost dead.
You feel yourself speed up.
* * * LOW HITPOINT WARNING * * *
You feel sick. The worker ant bites you.
You die...

.....#####..#...# ...
<..#.....)#.#.####...
.. ####..............
...###..#............
..................##
(.....####...........
..##..####..........#
. #.....##...........
#.# #@a.....($.....
#. ###............
#..............
#.##..........#
#..#...........#
...........$....#
.....##.<........#
!...# #..........#
..# #.#.........


You could see a worker ant.

Vanquished Creatures
  An ice beast (D:3)
  An orc wizard (D:4)
  3 adders
  2 oozes
  A worm (D:2)
  2 dart slugs (D:3)
  A leopard gecko (D:2)
  8 orcs (D:4)
  2 giant cockroaches (D:1)
  8 hobgoblins
  3 jackals (D:1)
  12 kobolds
  3 quokkas
  A ball python (D:3)
  6 bats
  4 frilled lizards
  5 goblins
  A quokka skeleton (D:4)
  7 rats
71 creatures vanquished.

Notes
Turn   | Place    | Note
-------+----------+-------------------------------------------
     0 | D:1      | bosm the Kobold Hunter began the quest for the Orb.
     0 | D:1      | Reached XP level 1. HP: 12/12 MP: 1/1
   150 | D:1      | Reached skill level 5 in Crossbows
   151 | D:1      | Reached XP level 2. HP: 17/17 MP: 2/2
   215 | D:1      | Reached skill level 1 in Short Blades
   386 | D:1      | Reached XP level 3. HP: 22/22 MP: 3/3
   847 | D:2      | Found a faded altar of an unknown god.
  1020 | D:2      | Reached XP level 4. HP: 24/27 MP: 4/4
  1216 | D:2      | Found a blossoming altar of Fedhas.
  1316 | D:2      | Found an opulent altar of Gozag.
  1805 | D:3      | Noticed an ice beast
  1896 | D:3      | Gained mutation: You are robust. (+10% HP) [potion of mutation]
  1896 | D:3      | Gained mutation: Your muscles are strong. (Str +2) [potion of mutation]
  1896 | D:3      | Gained mutation: You tend to lose your temper in combat. [potion of mutation]
  1929 | D:3      | Killed an ice beast
  1929 | D:3      | Reached XP level 5. HP: 6/35 MP: 5/5
  2486 | D:3      | Reached XP level 6. HP: 38/40 MP: 6/6
  2535 | D:3      | Found a snail-covered altar of Cheibriados.
  2536 | D:3      | Found a deep blue altar of Sif Muna.
  2790 | D:4      | Slain by a worker ant

Skill      XL: |  1  2  3  4  5 |
---------------+----------------+-----
Crossbows      | 5 |  5.8
Stealth        | 2 3 4 |  4.8
Short Blades   | 1 3 |  3.2
Dodging        | 3 |  3.4
Fighting       | 3 |  3.1

Action                   |  1- 3 |  4- 6 || total
-------------------------+-------+-------++-------
Melee: Short sword       |    22 |    78 ||   100
 Fire: Hand crossbow     |    61 |    53 ||   114
  Use: Scroll            |     2 |       ||     2
       Potion            |     1 |     4 ||     5
 Stab: Sleeping          |     1 |       ||     1
  Eat: Chunk             |     7 |     7 ||    14
Armor: Leather armour    |    22 |     2 ||    24
       Ring mail         |       |    19 ||    19
Dodge: Dodged            |    45 |    62 ||   107
